AoeStats
← Lasse

Black Forest

510092395Analyzed
2v2 RM · 4d ago on Sep 29, 2026· 33m 28s· 4 players
Game mode
Random Map
Map size
Medium (4 player)
Population
200
Speed
Normal
Resources
Standard
Victory
Conquest
Starting age
Dark Age
Ending age
Imperial Age
RankedLock teamsTeams togetherTeam positionsShared explorationLock speedFull tech treeHidden civsTurbo modeCheats
Victory
Defeat
🇩🇪 Burmese · Germany
1301
+12
🇷🇺 Poles · Russia
1264
+14
🇫🇷 Teutons · France
1235
-14
🇩🇪 Armenians · Germany
1194
-12
Wanda Lismus
0:52 Loom
13:00 Feudal Age
16:43 Castle Age
17:30 Forging
17:24 Scale Mail Armor
18:50 Man-at-Arms
19:52 Long Swordsman
21:58 Gambesons
22:14 Squires
23:41 Padded Archer Armor
27:26 Chain Mail Armor
31:14 Iron Casting
30:28 Arson
Lastik
2:28 Loom
11:46 Feudal Age
16:05 Castle Age
14:20 Double-Bit Axe
15:03 Horse Collar
17:22 Bow Saw
17:18 Heavy Plow
25:16 Wheelbarrow
29:29 Imperial Age
27:07 Gold Mining
27:12 Stone Mining
27:24 Scale Mail Armor
27:36 Forging
28:24 Hand Cart
28:31 Squires
29:13 Chain Mail Armor
29:33 Iron Casting
29:36 Stone Shaft Mining
30:40 Conscription
30:57 Plate Mail Armor
31:02 Crop Rotation
30:29 Onager
32:21 Blast Furnace
31:51 Caravan
31:29 Capped Ram
32:45 Scale Barding Armor
33:55 Szlachta Privileges
33:22 Siege Ram
Lord Twokay I.
0:29 Loom
12:10 Feudal Age
12:22 Man-at-Arms
12:49 Arson
13:34 Long Swordsman
19:18 Pikeman
23:50 Castle Age
23:01 Double-Bit Axe
23:54 Two-Handed Swordsman
24:20 Gambesons
24:36 Squires
25:27 Pikeman
28:35 Redemption
28:37 Scale Mail Armor
Lasse
0:25 Loom
11:17 Feudal Age
15:19 Castle Age
13:23 Double-Bit Axe
13:48 Horse Collar
16:30 Bow Saw
17:15 Heavy Plow
27:18 Wheelbarrow
30:51 Imperial Age
28:40 Hand Cart
28:24 Stone Mining
29:04 Fletching
29:21 Elite Skirmisher
30:19 Bodkin Arrow
Connection lost

Rejoining the realm…

Still unreachable

The connection could not be restored.

Session expired

The server has moved on; the page needs a fresh start.